 Dungeon Crawl Stone Soup version 0.28.0 (webtiles) character file.

Game seed: 17707408602045549411

30 Jerry the Covered (level 2, 0/25 HPs)
             Began as a Demigod Fighter on Feb 8, 2022.
             Succumbed to an adder's poison
             ... on level 2 of the Dungeon.
             The game lasted 00:01:56 (1194 turns).

Jerry the Covered (Demigod Fighter)                 Turns: 1194, Time: 00:01:57

Health: 0/25       AC:  6    Str: 17    XL:     2   Next: 84%
Magic:  4/4        EV:  9    Int: 10    God:
Gold:   43         SH:  4    Dex: 13    Spells: 1/1 levels left

rFire   . . .      SeeInvis .   a - +0 long sword
rCold   . . .      Faith    .   c - +0 buckler
rNeg    . . .      Spirit   .   b - +0 scale mail
rPois   .          Reflect  .   (no helmet)
rElec   .          Harm     .   (no cloak)
rCorr   .          Rampage  .   (no gloves)
Will    .....                   (no boots)
Stlth   ..........              (no amulet)
HPRegen 0.08/turn               (no ring)
MPRegen 0.09/turn               (no ring)

@: mighty, lethally poisoned (0 -> -2)
A: high MP 1, forlorn, divine attributes
a: no special abilities


You were on level 2 of the Dungeon.
You visited 1 branch of the dungeon, and saw 2 of its levels.

You collected 43 gold pieces.

Inventory:

Hand Weapons
 a - a +0 long sword (weapon)
Armour
 b - a +0 scale mail (worn)
 c - a +0 buckler (worn)
Scrolls
 f - 2 scrolls of identify {unknown}
 h - a scroll of blinking {unknown}
Potions
 d - a potion of might
 g - a potion of mutation {unknown}
 i - a potion of degeneration {unknown}
 j - a potion of curing {unknown}
 k - a potion of haste {unknown}


   Skills:
 + Level 2.9 Fighting
 + Level 2.1 Long Blades
 + Level 3.0 Armour
 + Level 0.9 Dodging
 + Level 2.9 Shields


You had one spell level left.
You didn't know any spells.
Your spell library was empty.

Dungeon Overview and Level Annotations

Branches:
Dungeon (2/15)

Shops:
D:1 [


Innate Abilities, Weirdness & Mutations

You have an increased reservoir of magic. (+10% MP)
You shall have no god before yourself.
Your divine heritage dramatically boosts your attributes as you level up.


Message History

The adder bites you but does no damage.
You barely miss the adder.
The adder is severely wounded.
The adder bites you.
You are poisoned.
The adder poisons you! The frilled lizard closely misses you.
The adder bites you.
You are lethally poisoned!
The adder poisons you!
The frilled lizard completely misses you.
You miss the adder.
The adder is severely wounded.
* * * LOW HITPOINT WARNING * * *
You feel very sick. The adder bites you but does no damage.
You block the frilled lizard's attack. You block the adder's attack.
You closely miss the adder.
The adder is severely wounded.
* * * LOW HITPOINT WARNING * * *
You feel sick.
The frilled lizard bites you but does no damage.
The adder barely misses you.
You completely miss the adder.
The adder is severely wounded.
* * * LOW HITPOINT WARNING * * *
You feel sick. The adder barely misses you.
You block the frilled lizard's attack. You block the adder's attack.
The frilled lizard barely misses you.
You slash the adder!
You kill the adder!
* * * LOW HITPOINT WARNING * * *
You feel sick.
The frilled lizard bites you but does no damage.
Your Armour skill increases to level 3!
You feel very mighty all of a sudden.
* * * LOW HITPOINT WARNING * * *
You feel sick.
The frilled lizard bites you but does no damage.
It was a potion of magic.
Magic courses through your body.
You die...

#...........# #.#
#...........# #.##
#..........#####...
#..................
#...........)......
#..........†.......
#..................
######†.................
#.....l@....###.........
#.########### #.........
#......... #.........
#.........


You could see a frilled lizard.

Vanquished Creatures
  An adder (D:2)
  2 dart slugs
  A ball python (D:1)
  3 endoplasms (D:1)
  A goblin (D:1)
  2 hobgoblins (D:1)
  3 kobolds
  A quokka (D:1)
  A bat (D:1)
15 creatures vanquished.

Notes
Turn   | Place    | Note
-------+----------+-------------------------------------------
     0 | D:1      | Jerry the Demigod Fighter began the quest for the Orb.
     0 | D:1      | Reached XP level 1. HP: 18/18 MP: 3/3
   113 | D:1      | Found Etsoizue's Antique Armour Shop.
   379 | D:1      | Reached XP level 2. HP: 25/25 MP: 4/4
  1193 | D:2      | Reached skill level 3 in Armour
  1193 | D:2      | HP: 1/25 [poisoned by an adder]
  1194 | D:2      | Succumbed to an adder's poison

Illustrated notes

Levels and vault maps discovered:
D:1:      minmay_arrival_plants_in_alcoves, layout_basic,
          basic_ecumenical_altar, serial_shops, nicolae_shop_waterfront,
          chequers_serial_rivers_micro_b
D:2:      layout_basic, basic_altar, minmay_pentomino_w4

Skill      XL: |  1  2 |
---------------+-------+-----
Long Blades    | 2 |  2.1
Armour         | 3 |  3.0
Fighting       | |  2.9
Dodging        | |  0.9
Shields        | |  2.9

Action                   || total
-------------------------++-------
Melee: Long sword        ||    54
  Use: Potion            ||     2
Armor: Scale mail        ||    40
Dodge: Dodged            ||    37
Block: Buckler           ||    18
